 Dungeon Crawl Stone Soup version 0.22-a0-469-gf26638a (webtiles) character file.

560 protoss039 the Magician (level 7, -7/36 HPs)
             Began as a Deep Elf Conjurer on June 11, 2018.
             Mangled by Veiltonx's ghost (17 damage)
             ... on level 4 of the Dungeon.
             The game lasted 00:17:31 (3526 turns).

protoss039 the Magician (Deep Elf Conjurer)         Turns: 3526, Time: 00:17:31

Health: -7/36      AC:  4    Str:  5    XL:     7   Next: 9%
Magic:  9/19       EV: 13    Int: 22    God:
Gold:   213        SH:  0    Dex: 15    Spells: 10/20 levels left

rFire    . . .     SeeInvis .   q - +0 short sword
rCold    . . .     Gourm    .   (no shield)
rNeg     . . .     Faith    .   a - +0 robe
rPois    .         Spirit   .   w - +1 hat
rElec    .         Reflect  .   (no cloak)
rCorr    +         Harm     .   p - +0 pair of gloves
MR       .....                  (no boots)
Stlth    ++........             (no amulet)
HPRegen  0.12/turn              (no ring)
MPRegen  0.16/turn              l - ring of resist corrosion

@: no status effects
A: no striking features
a: no special abilities


You were on level 4 of the Dungeon.
You were very hungry.

You visited 1 branch of the dungeon, and saw 4 of its levels.

You collected 213 gold pieces.

Inventory:

Hand Weapons
 q - a +0 short sword (weapon)
Armour
 a - a +0 robe (worn)
 p - a +0 pair of gloves (worn)
 w - a +1 hat (worn)
Jewellery
 l - a ring of resist corrosion (right hand)
Wands
 u - a wand of random effects (21)
 x - a wand of digging (24)
Scrolls
 b - 2 scrolls of immolation {unknown}
 d - 5 scrolls of teleportation {unknown}
 f - a scroll of enchant weapon {unknown}
 g - 2 scrolls of enchant armour {unknown}
 m - 2 scrolls of remove curse
 n - 3 scrolls of identify {unknown}
 r - a scroll of magic mapping {unknown}
 v - 2 scrolls of amnesia {unknown}
Potions
 e - a potion of might {unknown}
 h - 2 potions of heal wounds {unknown}
 i - 2 potions of haste {unknown}
 o - a potion of cancellation {unknown}
 s - a potion of lignification {unknown}
 t - 4 potions of curing {unknown}
 z - 2 potions of agility {unknown}
Comestibles
 c - 10 rations


   Skills:
 - Level 2.4 Dodging
 - Level 2.4 Stealth
 * Level 7.0 Spellcasting
 - Level 6.7 Conjurations
 + Level 4.2 Hexes


You had 10 spell levels left.
You knew the following spells:

 Your Spells              Type           Power        Failure   Level  Hunger
a - Magic Dart            Conj           ####         1%          1    None
b - Searing Ray           Conj           #####.       1%          2    None
c - Dazzling Spray        Conj/Hex       ####..       2%          3    None
d - Fulminant Prism       Conj/Hex       ####......   9%          4    ###....

Your spell library contained the following spells:

 Spells                   Type           Power        Failure   Level  Hunger
 Iskenderun's Mystic Bla  Conj           #####...     4%          4    ###....
 Force Lance              Conj/Tloc      ###.....     21%         4    ###....


Dungeon Overview and Level Annotations

Branches:
Dungeon (4/15)
 Temple: D:4-7

Altars:
Cheibriados
Dithmenos
Makhleb
Nemelex Xobeh
Qazlal
Xom

Annotations:
D:4 Veiltonx's ghost, novice MiFi


Message History

Veiltonx's ghost hits you!
The searing ray hits Veiltonx's ghost.
Veiltonx's ghost is heavily damaged.
Veiltonx's ghost hits you!
* * * LOW HITPOINT WARNING * * *
Unknown command.
Unknown command.
Unknown command.
Okay, then.
Unknown command.
Okay, then.
Unknown command.
Unknown command.
Veiltonx's ghost whispers, "The ORB doesn't exist."
You are feeling very hungry.
There is a stone staircase leading up, spattered with blood here.
You see here an uncursed ring of loudness.
Unknown command.
Veiltonx's ghost hits you!
You die...

####### #.......###.##.....##
......###.#.####....#.......#
...............#.#..#..._...#
#####.###.#....#.#..#.......#
#.###.#....#.#..##.....##
#)....###.##.....##...###
####.......#.#....#####.#####
#.####..#.#W...........))<
#........@#.....)........#
######..#.W...........)#.#
#..#.....[.)......#.#
#.....)(....)..#..#..
##....#)...)#..#..###
####..##..(..#..#...#
..........#.<...#.#.#
.###......####..._..#
............>...#.###


You could see Veiltonx's ghost.

Vanquished Creatures
  The ghost of PeterLawrence the Shield-Bearer, an amateur MiFi (D:3)
  An ogre (D:3)
  A scorpion (D:4)
  A hound (D:3)
  2 worker ants (D:4)
  An orc wizard (D:4)
  7 gnolls
  5 adders
  2 oozes
  An adder skeleton (D:4)
  A worm (D:3)
  A dart slug (D:1)
  10 orcs
  7 bats
  4 giant cockroaches
  14 goblins
  5 hobgoblins
  15 jackals
  7 kobolds
  A quokka (D:2)
  2 ball pythons
  3 frilled lizards
  5 rats
97 creatures vanquished.

Vanquished Creatures (others)
  4 fulminant prisms (D:4)
4 creatures vanquished.

Grand Total: 101 creatures vanquished

Notes
Turn   | Place    | Note
-------+----------+-------------------------------------------
     0 | D:1      | protoss039 the Deep Elf Conjurer began the quest for the Orb.
     0 | D:1      | Reached XP level 1. HP: 10/10 MP: 6/6
   161 | D:1      | Reached XP level 2. HP: 15/15 MP: 1/8
   162 | D:1      | Reached skill level 5 in Conjurations
   383 | D:1      | Learned a level 2 spell: Searing Ray
   446 | D:1      | Reached XP level 3. HP: 9/19 MP: 4/9
  1110 | D:2      | Learned a level 3 spell: Dazzling Spray
  1142 | D:2      | Found a shimmering altar of Xom.
  1153 | D:2      | Found a shimmering altar of Xom.
  1156 | D:2      | Found a shimmering altar of Xom.
  1157 | D:2      | Found a shimmering altar of Xom.
  1340 | D:2      | Reached XP level 4. HP: 23/24 MP: 2/10
  1397 | D:2      | Found a shadowy altar of Dithmenos.
  2240 | D:3      | Reached XP level 5. HP: 28/28 MP: 6/12
  2249 | D:3      | Noticed PeterLawrence's ghost (amateur MiFi)
  2292 | D:3      | Killed PeterLawrence's ghost
  2292 | D:3      | Reached skill level 4 in Spellcasting
  2298 | D:3      | Learned a level 4 spell: Fulminant Prism
  2593 | D:3      | Found a snail-covered altar of Cheibriados.
  2646 | D:3      | Found a stormy altar of Qazlal.
  2692 | D:3      | Noticed an ogre
  2708 | D:3      | Killed an ogre
  2708 | D:3      | Reached skill level 5 in Spellcasting
  2708 | D:3      | Reached XP level 6. HP: 32/32 MP: 4/16
  3106 | D:4      | Reached skill level 6 in Spellcasting
  3116 | D:4      | Found a sparkling altar of Nemelex Xobeh.
  3336 | D:4      | Found a burning altar of Makhleb.
  3443 | D:4      | Reached XP level 7. HP: 36/36 MP: 10/19
  3453 | D:4      | Noticed Veiltonx's ghost (novice MiFi)
  3472 | D:4      | Reached skill level 7 in Spellcasting
  3526 | D:4      | Mangled by Veiltonx's ghost

Vault maps used:
D:1:      lightli_arrival_noodles, serial_bayou, serial_bayou_lagoon_b,
          serial_bayou_pond_c, serial_bayou_shore_a, serial_bayou_crossing,
          st_stairs_10
D:2:      nicolae_overflow_crystal_walls, xom_redecorated,
          kennysheep_generic_room_16
D:3:      old_standard_altar, cheibriados_altar_1, first_ration
D:4:      lemuel_round_altar, lemuel_crystal_altar, minmay_temple_entry_statues

Skill      XL: |  1  2  3  4  5  6  7 |
---------------+----------------------+-----
Conjurations   | 5 6 |  6.7
Spellcasting   | 5 6 7 |  7.0
Hexes          | 2 4 |  4.2
Dodging        | |  2.4
Stealth        | |  2.4

Action                   |  1- 3 |  4- 6 |  7- 9 || total
-------------------------+-------+-------+-------++-------
Melee: Unarmed           |    15 |       |       ||    15
       Short sword       |       |    16 |     2 ||    18
 Cast: Magic Dart        |    66 |    95 |     3 ||   164
       Searing Ray       |     2 |     5 |     2 ||     9
       Dazzling Spray    |     4 |       |       ||     4
       Fulminant Prism   |       |     2 |     2 ||     4
  Use: Scroll            |       |     1 |       ||     1
  Eat: Chunk             |     1 |     7 |       ||     8
Armor: Robe              |     4 |     6 |       ||    10
Dodge: Dodged            |    35 |    25 |     1 ||    61

Table legend:
 A = Spawn XP
 B = Non-spawn XP
 C = Spawn XP percentage of total XP
 D = Spawn monster count
 E = Non-spawn monster count
 F = Spawn count percentage of total count
 G = Total turns spent on level
                    A         B        C        D         E        F      G
               +---------+---------+-------+---------+---------+-------+---------
         Total |       0 |     800 |   0.0 |       0 |      97 |   0.0 |  3526
               +---------+---------+-------+---------+---------+-------+---------
           D:1 |       0 |      79 |   0.0 |       0 |      34 |   0.0 |  1073
           D:2 |       0 |      88 |   0.0 |       0 |      22 |   0.0 |   907
           D:3 |       0 |     334 |   0.0 |       0 |      20 |   0.0 |  1103
           D:4 |       0 |     299 |   0.0 |       0 |      21 |   0.0 |   443
               +---------+---------+-------+---------+---------+-------+---------
